 Dungeon Crawl Stone Soup version 0.18.1-50-g88ac8fd (webtiles) character file.

226 grisgris the Sneak (level 5, -1/38 HPs)
             Began as a Vampire Enchanter on Oct 9, 2016.
             Killed from afar by an oklob plant (11 damage)
             ... with a splash of acid
             ... on level 3 of the Dungeon.
             The game lasted 00:09:55 (2277 turns).

grisgris the Sneak (Vampire Enchanter)              Turns: 2277, Time: 00:09:56

Health: -1/38      AC:  0    Str:  8    XL:     5   Next: 69%
Magic:  9/9        EV: 13    Int: 18    God:
Gold:   128        SH:  0    Dex: 16    Spells: 3 memorised, 1 level left

rFire  + . .     SeeInvis +     a - +3 dagger
rCold  + + .     Gourm    .     b - +2 robe
rNeg   + + +     Faith    .     (no shield)
rPois  +         Spirit   .     (no helmet)
rElec  .         Dismiss  +     (no cloak)
rCorr  .         Reflect  .     (no gloves)
SustAt .         Harm     .     (no boots)
MR     .....                    n - amulet of dismissal
Stlth  ++++......               q - +2 ring of dexterity
                                h - ring of protection from fire

@: corroded, regenerating slowly, not resistant to hostile enchantments,
stealthy
A: fangs 3, see invisible, unbreathing
a: Bat Form


You were on level 3 of the Dungeon.
You were near bloodless.

You visited 1 branch of the dungeon, and saw 3 of its levels.

You collected 128 gold pieces.

Inventory:

Hand Weapons
 a - a +3 dagger (weapon)
Armour
 b - a +2 robe (worn)
 k - a +0 pair of gloves
Jewellery
 h - a ring of protection from fire (left hand)
 n - an amulet of dismissal (around neck)
 q - a +2 ring of dexterity (right hand)
Scrolls
 e - 6 scrolls of identify
 p - a scroll of teleportation
 r - 4 scrolls of remove curse
Potions
 d - a potion of blood
 f - a potion of curing
 g - a potion of might
 i - a potion of ambrosia {unknown}
 j - a potion of heal wounds
Books
 c - a book of Maledictions

   Spells                             Type                      Level
   a - Corona                         Hexes                        1
   b - Ensorcelled Hibernation        Hexes/Ice                    2
   c - Confuse                        Hexes                        3
   d - Tukima's Dance                 Hexes                        3
   e - Dazzling Spray                 Conjuration/Hexes            3


   Skills:
 + Level 1.6 Fighting
 + Level 2.1 Short Blades
 + Level 3.0 Dodging
 * Level 5.8 Stealth
 + Level 2.7 Spellcasting
 + Level 5.6 Hexes
 + Level 1.6 Ice Magic


You had one spell level left.
You knew the following spells:

 Your Spells              Type           Power        Failure   Level  Hunger
a - Ensorcelled Hibernat  Hex/Ice        ###...       8%          2    ##.....
b - Confuse               Hex            ###.....     6%          3    ###....
c - Tukima's Dance        Hex            ###.....     6%          3    ###....


Dungeon Overview and Level Annotations

Branches:
Dungeon (3/15)

Altars:
Fedhas

Annotations:
D:3 exclusion: oklob plant


Innate Abilities, Weirdness & Mutations

You heal slowly.
You have razor-sharp teeth.
You have supernaturally acute eyesight.
You can survive without breathing.


Message History

The oklob plant is unaffected.
You start resting.
Magic restored.
You start resting.
HP restored.
Really walk into a travel-excluded area? [Y]es or [N]o only, please.
Really walk into a travel-excluded area?
You see here a fruit.
You hit the oklob plant.
The oklob plant is lightly damaged.
You hit the oklob plant but do no damage.
You bite the oklob plant, but do no damage.
The oklob plant is lightly damaged.
The oklob plant spits acid at you. The splash of acid hits you!
The acid corrodes you!
The acid burns!
* * * LOW HITPOINT WARNING * * *
The oklob plant spits acid at you. The splash of acid hits you!
You die...

***,*,****,PP#.≈≈≈≈._.≈≈≈≈.PPPP#
*,,,,,*#..#P.≈≈≈≈...≈≈≈≈.#.PP#
***,*,,#PPP#.≈≈≈≈≈.≈≈≈≈≈.PP###
***,,,,,,#P#P#..≈≈≈≈.≈≈≈≈..PP♣,*
*,,,,,,,,#.PPPP..≈≈≈.≈≈≈..P♣P♣,*
*****,,**#PPPPP#..≈≈.≈≈..#♣PP♣.*
**,,,##.PPP♣#.......P....P#*
****#.%.PPP.#PPP#PPP.PP.P.#


#PP%%.@P#♣PPPPPP♣PPP#P# ####### #.PP.PPPPP.P.P#PPPPPP## ......###
#P♣PP###♣.#♣P#PPPPPPP.# #####...#########################
#######....##...##.[....##....... .r.# #................#..#....... ...#
#...........###..##.#.[.>... .<.# #........................... ...#
#.....)...##..##..)......... You could see an oklob plant.

Vanquished Creatures
  Purgy (D:2)
  4 gnolls (D:3)
  5 adders
  A worm (D:3)
  A dart slug (D:2)
  A giant gecko (D:1)
  2 bats (D:2)
  6 giant cockroaches
  6 goblins
  4 hobgoblins
  6 jackals (D:3)
  4 ball pythons
  2 giant newts
  3 kobolds
  4 rats
  A plant (D:3)
51 creatures vanquished.

Notes
Turn   | Place    | Note
--------------------------------------------------------------
     0 | D:1      | grisgris the Vampire Enchanter began the quest for the Orb.
     0 | D:1      | Reached XP level 1. HP: 13/13 MP: 3/3
   419 | D:1      | Reached XP level 2. HP: 18/19 MP: 3/5
   423 | D:1      | Learned a level 2 spell: Ensorcelled Hibernation
   687 | D:2      | Reached XP level 3. HP: 25/25 MP: 3/6
  1007 | D:2      | Learned a level 3 spell: Confuse
  1062 | D:2      | Reached skill level 5 in Hexes
  1274 | D:3      | Noticed Purgy
  1300 | D:2      | Killed Purgy
  1300 | D:2      | Reached skill level 1 in Fighting
  1300 | D:2      | Reached skill level 5 in Stealth
  1300 | D:2      | Reached skill level 1 in Ice Magic
  1300 | D:2      | Reached XP level 4. HP: 32/32 MP: 4/7
  1300 | D:2      | Reached XP level 5. HP: 37/37 MP: 4/8
  1724 | D:3      | Learned a level 3 spell: Tukima's Dance
  1841 | D:3      | Found a blossoming altar of Fedhas.
  1880 | D:3      | Noticed an oklob plant
  2277 | D:3      | Killed from afar by an oklob plant

Skill      XL: |  1  2  3  4  5 |
---------------+----------------+-----
Hexes          | 5 |  5.6
Fighting       | 1 |  1.6
Short Blades   | 2 |  2.1
Stealth        | 5 |  5.8
Ice Magic      | 1 |  1.6
Dodging        | 3 |  3.0
Spellcasting   | |  2.7

Action                   |  1- 3 |  4- 6 || total
-------------------------+-------+-------++-------
Melee: Dagger            |    61 |   152 ||   213
       Bite              |     6 |    20 ||    26
 Cast: Corona            |     5 |       ||     5
       Ensorcelled Hiber |     9 |    23 ||    32
       Confuse           |     1 |     2 ||     3
       Tukima's Dance    |       |     1 ||     1
  Use: Scroll            |     5 |     5 ||    10
       Potion            |     2 |     3 ||     5
 Stab: Sleeping          |    16 |    15 ||    31
       Confused          |     1 |       ||     1
  Eat: Corpse            |       |     1 ||     1
Armor: Robe              |     7 |    17 ||    24
Dodge: Dodged            |    29 |    50 ||    79
